[ PARTIDA AOE2 · #484274453 ]
Team RMIndostaníes vs Persians
[ ANÁLISIS DE REPETICIÓN · EXTRAÍDO DE LA PARTIDA GRABADA ]
Feudal
—
Castillos
—
Imperial
—
| APM promedio | 41.9 |
| APM pico | 56 |
| eAPM promedio | 12.4 |
| Aldeanos / militares | 20 / 0 |
Foco
⚔️ 0.0% · 🌾 100.0%
Feudal
—
Castillos
—
Imperial
—
| APM promedio | 26.7 |
| APM pico | 60 |
| eAPM promedio | 7.0 |
| Aldeanos / militares | 10 / 0 |
Foco
⚔️ 5.3% · 🌾 94.7%
Feudal
—
Castillos
—
Imperial
—
| APM promedio | 57.9 |
| APM pico | 90 |
| eAPM promedio | 10.0 |
| Aldeanos / militares | 18 / 0 |
Foco
⚔️ 7.7% · 🌾 92.3%
Feudal
—
Castillos
—
Imperial
—
| APM promedio | 45.9 |
| APM pico | 64 |
| eAPM promedio | 14.3 |
| Aldeanos / militares | 13 / 0 |
Foco
⚔️ 6.1% · 🌾 93.9%
Mapa de la partida
Recursos al inicio + cada clic de construcción. Línea gruesa = muro · recuadro discontinuo = muro de casas detectado. 🟡 oro · ⚪ piedra · 🟢 bayas · 🔶 jabalí · ⭕ reliquia
Inputs por minuto
— 打井包出水 - - KingJo
Build order — 打井包出水
24 acciones detectadas en el replay
| 0:00 | Crear | Villager (Male) |
| 0:00 | Crear | Villager (Male) |
| 0:00 | Crear | Villager (Male) |
| 0:00 | Crear | Villager (Male) |
| 0:01 | Crear | Villager (Male) |
| 0:02 | Construir | House |
| 0:03 | Construir | House |
| 1:04 | Crear | Villager (Male) |
| 1:27 | Crear | Villager (Male) |
| 1:49 | Construir | Mill |
| 1:58 | Crear | Villager (Male) |
| 2:14 | Crear | Villager (Male) |
| 2:14 | Crear | Villager (Male) |
| 2:47 | Crear | Villager (Male) |
| 2:47 | Crear | Villager (Male) |
| 3:01 | Construir | House |
| 3:01 | Crear | Villager (Male) |
| 3:01 | Crear | Villager (Male) |
| 3:32 | Crear | Villager (Male) |
| 3:32 | Crear | Villager (Male) |
| 3:34 | Crear | Villager (Male) |
| 3:35 | Crear | Villager (Male) |
| 3:48 | Crear | Villager (Male) |
| 3:48 | Crear | Villager (Male) |
Build order — KingJo
13 acciones detectadas en el replay
| 0:01 | Crear | Villager (Male) |
| 0:01 | Crear | Villager (Male) |
| 0:02 | Crear | Villager (Male) |
| 0:02 | Crear | Villager (Male) |
| 0:03 | Construir | House |
| 0:05 | Construir | House |
| 1:40 | Crear | Villager (Male) |
| 1:40 | Crear | Villager (Male) |
| 1:50 | Construir | Lumber Camp |
| 2:02 | Crear | Villager (Male) |
| 2:02 | Crear | Villager (Male) |
| 2:17 | Crear | Villager (Male) |
| 2:17 | Crear | Villager (Male) |
Build order — MotorTokamak
22 acciones detectadas en el replay
| 0:00 | Crear | Villager (Male) |
| 0:01 | Crear | Villager (Male) |
| 0:03 | Construir | House |
| 0:04 | Construir | House |
| 0:41 | Crear | Villager (Male) |
| 0:42 | Crear | Villager (Male) |
| 0:42 | Crear | Villager (Male) |
| 1:23 | Crear | Villager (Male) |
| 1:24 | Crear | Villager (Male) |
| 2:03 | Crear | Villager (Male) |
| 2:03 | Crear | Villager (Male) |
| 2:11 | Crear | Villager (Male) |
| 2:12 | Crear | Villager (Male) |
| 2:15 | Construir | Lumber Camp |
| 2:50 | Crear | Villager (Male) |
| 2:50 | Crear | Villager (Male) |
| 2:51 | Crear | Villager (Male) |
| 2:51 | Crear | Villager (Male) |
| 3:24 | Crear | Villager (Male) |
| 3:24 | Crear | Villager (Male) |
| 3:41 | Crear | Villager (Male) |
| 4:00 | Construir | House |
Build order — BlitzbeatOntheH
18 acciones detectadas en el replay
| 0:04 | Construir | House |
| 0:06 | Crear | Villager (Male) |
| 0:06 | Crear | Villager (Male) |
| 0:08 | Construir | House |
| 0:34 | Crear | Villager (Male) |
| 0:39 | Crear | Villager (Male) |
| 0:48 | Crear | Villager (Male) |
| 0:48 | Crear | Villager (Male) |
| 1:33 | Crear | Villager (Male) |
| 2:07 | Construir | Lumber Camp |
| 2:09 | Crear | Villager (Male) |
| 2:21 | Crear | Villager (Male) |
| 2:59 | Construir | Mill |
| 3:01 | Crear | Villager (Male) |
| 3:21 | Crear | Villager (Male) |
| 3:46 | Construir | House |
| 4:09 | Crear | Villager (Male) |
| 4:10 | Crear | Villager (Male) |
Cronología de la partida
| 4:09 | KingJo · resign |
[ ANÁLISIS IA · 1 CRÉDITO ]
¿Qué pasó realmente en esta partida?
Wolo.gg analiza cada decisión: build order, eco, micro, errores típicos por bracket. Análisis personalizado por WhatsApp o Discord en 30 segundos.
Guía civ
Indostaníes
Guía mapa
Arabia
Perfil
打井包出水